 Dungeon Crawl Stone Soup version 0.31.0-11-ge490571c62 (webtiles) character file.

Game seed: 15266579292112016000

1495 DeltaZero the Thaumaturge (level 8, -5/43 HPs)
             Began as a Deep Elf Fire Elementalist on Feb 6, 2024.
             Slain by Maurice
             ... wielding a +5 short sword of holy wrath
              (7 damage)
             ... on level 7 of the Dungeon on Feb 7, 2024.
             The game lasted 00:21:57 (6313 turns).

DeltaZero the Thaumaturge (DEFE)                    Turns: 6313, Time: 00:21:58

Health: -5/43      AC:  7    Str:  5    XL:     8   Next: 51%
Magic:  7/20       EV: 18    Int: 32    God:
Gold:   0          SH:  0    Dex: 15    Spells: 19/24 levels left

rFire   . . .        x - +5 trident (freeze)
rCold   . . .        (no shield)
rNeg    . . .        a - +1 robe
rPois   .            h - +2 helmet {Int+3}
rElec   .            w - +0 cloak
rCorr   .            (no gloves)
SInv    .            (no boots)
Will    .....        d - amulet of regeneration
Stlth   ++           c - +5 ring of evasion
HPRegen 1.07/turn    e - +6 ring of intelligence
MPRegen 0.17/turn

%: no passive effects
@: no status effects
A: low MP 1, sense surroundings 1
a: no special abilities


You were on level 7 of the Dungeon.
You visited 1 branch of the dungeon, and saw 7 of its levels.

Inventory:

Hand Weapons
 f - a +2 spectral club
 k - a +1 short sword of freezing
 x - a +5 trident of freezing (weapon)
Armour
 a - a +1 robe (worn)
 h - a +2 helmet of intelligence (worn)
 w - a +0 cloak (worn)
Magical Staves
 i - a staff of cold
Jewellery
 c - a +5 ring of evasion (left hand)
 d - an amulet of regeneration (around neck)
 e - a +6 ring of intelligence (right hand)
 m - a ring of protection from fire
 n - a +6 ring of intelligence
 y - a ring of positive energy
 z - a ring of willpower
Wands
 q - a wand of flame (21)
Scrolls
 g - 3 scrolls of revelation
 j - a scroll of identify
 o - a scroll of enchant weapon
 p - 2 scrolls of poison {unknown}
 u - a scroll of vulnerability {unknown}
Potions
 b - a potion of magic
 l - a potion of brilliance
 v - 3 potions of degeneration


   Skills:
 + Level 1.1 Fighting
 + Level 1.3 Short Blades
 + Level 0.9 Polearms
 + Level 3.7 Dodging
 + Level 3.7 Stealth
 + Level 8.7 Spellcasting
 + Level 5.6 Conjurations
 + Level 6.5 Fire Magic
 + Level 0.2 Evocations


You had 19 spell levels left.
You knew the following spells:

 Your Spells              Type           Power      Damage    Failure   Level
a - Foxfire               Conj/Fire      100%       2x1d9     1%          1
b - Flame Wave            Conj/Fire      52%        2d13      2%          4

Your spell library contained the following spells:

 Spells                   Type           Power      Damage    Failure   Level
 Scorch                   Fire           100%       2d9       1%          2
 Inner Flame              Hex/Fire       34%        N/A       2%          3
 Volatile Blastmotes      Fire/Tloc      68%        2d15      2%          3


Dungeon Overview and Level Annotations

Branches:
Dungeon (6/15)
 Temple: D:4-7

Altars:
Zin

Shops:
D:2 (

Annotations:
D:5 1 runed translucent door, Crazy Yiuf
D:7 Maurice


Innate Abilities, Weirdness & Mutations

Your magical capacity is low. (-10% MP)
You passively map a small area around you.


Message History

The flame wave engulfs the lemure!
You kill the lemure!
That felt strangely unrewarding.
The flame wave engulfs the orc!
You kill the orc!
The flame wave engulfs the lemure!
The lemure is heavily wounded.
The flame wave engulfs the orc!
You kill the orc!
With Pikel's spell broken, his former minions thank you for their freedom.
The lemure departs this earthly plane. x3
Your Fighting skill increases to level 1!
You hear a zap.
A puff of flame appears from out of thin air!
The puff of flame misses you.
Things that are here:
a +0 whip of flaming; a +0 robe Something hits you!
Something steals your +3 dagger of flaming!
Something closely misses you. Something hits you.
Something steals 291 gold pieces!
You now have 81 gold pieces.
Something bites you. Something drains your magic.
You hit something. You freeze something.
You hear some strange, mumbled words.
Your magical contamination has completely faded away.
Something hits you!
* * * LOW HITPOINT WARNING * * *
Something steals 81 gold pieces!
You now have 0 gold pieces.
Something bites you!
* * * LOW HITPOINT WARNING * * *
You feel your power leaking away. Something drains your magic.
Okay, then.
Casting: Flame Wave (dangerous; 2% risk of failure)
Confirm with . or Enter, or press ? or * to list all spells.
Okay, then.
Something hits you.
* * * LOW HITPOINT WARNING * * *
Something groans, "What are you, a monk?"
Something bites you!
You die...

#........:#
* #......#
####...# ,
,* #...####
* #......#
* #.)###.#
** #..).# #
* * #.##.#,
, * * ,
#.@..# * ,
#.#### ###


There were no monsters in sight!

Vanquished Creatures
  Pikel (D:7)
  A black bear (D:5)
  A lemure (D:7)
  A bullfrog (D:5)
  Blork the orc (D:5)
  3 scorpions
  5 wights (D:6)
  A howler monkey (D:4)
  A jelly (D:5)
  2 bombardier beetles
  2 orc priests
  A sleepcap (D:6)
  An orc wizard (D:4)
  A mummy (D:5)
  Robin (D:3)
  2 adders (D:3)
  2 white imps (D:5)
  5 dart slugs
  2 ribbon worms
  17 orcs
  5 ball pythons
  8 bats
  4 endoplasms
  4 giant cockroaches
  10 goblins
  7 hobgoblins (D:3)
  3 jackals (D:3)
  2 kobolds
  3 quokkas
  3 frilled lizards
  2 kobold zombies (D:5)
  2 orc zombies (D:5)
  2 rats
106 creatures vanquished.

Vanquished Creatures (others)
  418 foxfires
418 creatures vanquished.

Grand Total: 524 creatures vanquished

Notes
Turn   | Place    | Note
-------+----------+-------------------------------------------
     0 | D:1      | DeltaZero the Deep Elf Fire Elementalist began the quest
                  | for the Orb.
     0 | D:1      | Reached XP level 1. HP: 10/10 MP: 6/6
   352 | D:1      | Reached XP level 2. HP: 15/15 MP: 2/8
   755 | D:2      | Reached skill level 4 in Spellcasting
   755 | D:2      | Reached XP level 3. HP: 19/19 MP: 0/10
  1263 | D:2      | Found Dimuro's Weapon Emporium.
  1280 | D:2      | Gained mutation: Your magical capacity is low. (-10% MP)
                  | [potion of mutation]
  1280 | D:2      | Gained mutation: You passively map a small area around you.
                  | [potion of mutation]
  1721 | D:3      | Reached XP level 4. HP: 24/24 MP: 8/11
  1965 | D:3      | Found a glowing silver altar of Zin.
  2840 | D:3      | Noticed Robin
  2892 | D:3      | Killed Robin
  3174 | D:4      | Noticed a scorpion
  3179 | D:4      | Killed a scorpion
  3180 | D:4      | Reached skill level 5 in Spellcasting
  3180 | D:4      | Reached XP level 5. HP: 28/28 MP: 7/13
  3242 | D:4      | Reached skill level 1 in Short Blades
  3532 | D:4      | Reached XP level 6. HP: 33/33 MP: 6/14
  4140 | D:5      | Entered Level 5 of the Dungeon
  4178 | D:5      | Noticed Blork the orc
  4184 | D:5      | Killed Blork the orc
  4185 | D:5      | Reached skill level 6 in Spellcasting
  4185 | D:5      | Reached skill level 5 in Fire Magic
  4296 | D:5      | Learned a level 4 spell: Flame Wave
  4309 | D:5      | Reached XP level 7. HP: 37/37 MP: 11/17
  4906 | D:5      | Reached skill level 7 in Spellcasting
  5508 | D:5      | Found a runed translucent door.
  5509 | D:5      | Noticed Crazy Yiuf
  6032 | D:6      | Reached skill level 8 in Spellcasting
  6032 | D:6      | Reached XP level 8. HP: 29/42 MP: 0/20
  6243 | D:6      | Reached skill level 5 in Conjurations
  6270 | D:6      | You fall into a shaft and drop 1 floor!
  6272 | D:7      | Noticed Maurice
  6273 | D:7      | Noticed Pikel
  6283 | D:7      | Maurice stole a ring of flight
  6305 | D:7      | Killed Pikel
  6306 | D:7      | Reached skill level 1 in Fighting
  6308 | D:7      | Something stole a +3 dagger of flaming
  6309 | D:7      | Something stole 291 gold
  6312 | D:7      | Something stole 81 gold
  6313 | D:7      | HP: 2/43 [something (2)]
  6313 | D:7      | Slain by Maurice

Illustrated notes

Levels and vault maps discovered:
D:1:      orjb1_lava_funnel, layout_loops_ring
D:2:      layout_rooms, serial_shops, shop
D:3:      layout_loops_cross, lemuel_coloured_pillars_altar,
          kennysheep_cross_room, uniq_robin
D:4:      layout_cave_pools, kennysheep_orc_chapel
D:5:      layout_layer_cave, minmay_mini_ossuary, uniq_blork_the_orc,
          uniq_crazy_yiuf_cottage
D:6:      layout_loops_corners, mainiacjoe_overflow_alcove_2,
          grunt_ministairs_15
D:7:      layout_basic, mainiacjoe_overflow_concentric_impassable,
          okawaru_altar_gauntlet_db, temple_hall, nicolae_ossuary_entry_giza,
          serial_demonic, serial_demonic_g, serial_demonic_a, serial_demonic_b,
          serial_demonic_a, serial_demonic_c, uniq_pikel, uniq_maurice,
          uniq_prince_ribbit1

Skill      XL: |  1  2  3  4  5  6  7  8 |
---------------+-------------------------+-----
Spellcasting   | 4 5 6 8 |  8.7
Fire Magic     | 4 5 6 |  6.5
Stealth        | 3 |  3.7
Dodging        | 3 |  3.7
Conjurations   | 2 3 4 5 |  5.6
Short Blades   | 1 |  1.3
Fighting       | 1 |  1.1
Polearms       | |  0.9
Evocations     | |  0.2

Action                     |  1- 3 |  4- 6 |  7- 9 || total
---------------------------+-------+-------+-------++-------
  Melee: Staff             |    15 |       |       ||    15
         Short sword       |       |    28 |     1 ||    29
         Dagger            |       |       |     3 ||     3
         Trident           |       |       |    19 ||    19
   Cast: Foxfire           |    53 |   127 |    92 ||   272
         Flame Wave        |       |       |     3 ||     3
  Evoke: Wand              |       |       |     1 ||     1
    Use: Potion            |     4 |     5 |     1 ||    10
         Scroll            |     2 |     2 |       ||     4
 Armour: Robe              |     7 |    20 |    37 ||    64
  Dodge: Dodged            |    20 |    51 |    48 ||   119
